 Dungeon Crawl Stone Soup version 0.22.1-2-g9c5b331 (webtiles) character file.

37 woundedspider the Changer (level 3, -5/17 HPs)
             Began as a Spriggan Transmuter on Jan 6, 2019.
             Killed from afar by Sigmund (8 damage)
             ... with a magic dart
             ... on level 2 of the Dungeon.
             The game lasted 00:05:01 (1156 turns).

woundedspider the Changer (Spriggan Transmuter)     Turns: 1156, Time: 00:05:02

Health: -5/17      AC:  2    Str:  6    XL:     3   Next: 23%
Magic:  2/8        EV: 18    Int: 15    God:
Gold:   80         SH:  0    Dex: 16    Spells: 4/7 levels left

rFire    . . .     SeeInvis +     - Unarmed
rCold    . . .     Gourm    .   (shield restricted)
rNeg     . . .     Faith    .   b - +0 robe
rPois    .         Spirit   .   (helmet restricted)
rElec    .         Reflect  .   (no cloak)
rCorr    .         Harm     .   (gloves unavailable)
MR       .....                  (boots unavailable)
Stlth    +.........             h - amulet of regeneration
HPRegen  0.45/turn              (no ring)
MPRegen  0.11/turn              (no ring)

@: very slightly contaminated, very quick
A: very small, unfitting armour, see invisible, herbivore, speed 3, slow
metabolism 2
a: no special abilities


You were on level 2 of the Dungeon.
You were not hungry.

You visited 1 branch of the dungeon, and saw 2 of its levels.

You collected 80 gold pieces.

Inventory:

Missiles
 a - 41 arrows
Armour
 b - a +0 robe (worn)
Jewellery
 h - an amulet of regeneration (around neck)
 k - an uncursed amulet of magic regeneration {unknown}
Scrolls
 c - a scroll of remove curse {unknown}
 e - 2 scrolls of identify {unknown}
 i - a scroll of random uselessness {unknown}
 j - 2 scrolls of fog {unknown}
 m - a scroll of enchant armour {unknown}
 n - a scroll of amnesia {unknown}
Potions
 f - 2 potions of magic {unknown}
 g - a potion of resistance {unknown}
 l - a potion of degeneration {unknown}
 o - a potion of curing {unknown}
Comestibles
 d - 6 rations


   Skills:
 - Level 0.7 Fighting
 - Level 3.0 Dodging
 - Level 2.4 Unarmed Combat
 - Level 2.6 Spellcasting
 + Level 5.0 Transmutations


You had 4 spell levels left.
You knew the following spells:

 Your Spells              Type           Power        Failure   Level  Hunger
a - Beastly Appendage     Tmut           ###...       2%          1    #......
b - Sticks to Snakes      Tmut           ###.....     4%          2    ##.....

Your spell library contained the following spells:

 Spells                   Type           Power        Failure   Level  Hunger
 Spider Form              Tmut/Pois      #.........   22%         3    ###....
 Ice Form                 Ice/Tmut       #.......     58%         4    #####..
 Blade Hands              Tmut           ###.......   58%         5    ######.


Dungeon Overview and Level Annotations

Branches:
Dungeon (2/15)

Altars:

Annotations:
D:2 Sigmund


Innate Abilities, Weirdness & Mutations

You are very small and have problems with some larger weapons.
You are too small for most types of armour.
You have supernaturally acute eyesight. (SInv)
You are a herbivore.
You cover ground extremely quickly.
You need to consume almost no food.


Message History

Sigmund is almost dead.
You closely miss Sigmund.
Sigmund is almost dead.
Sigmund points at you and mumbles some strange words.
The puff of flame hits you!
Ouch! That really hurt!
* * * LOW HITPOINT WARNING * * *
You hit Sigmund but do no damage.
Sigmund is almost dead.
Sigmund closely misses you.
You barely miss Sigmund.
Sigmund is almost dead.
Sigmund barely misses you.
You closely miss Sigmund.
Sigmund is almost dead.
You hit Sigmund but do no damage.
Sigmund is almost dead.
Sigmund gestures at you while chanting. The magic dart hits you!
You die...

## .## ..#
###.###
.....
####.####
#...@...#
#....@..#
#.......#
#.......#
##.).....#
#......###
#....#)##
#....#..#
...#
#....##.##
...
......##..#
...


You could see Sigmund (invisible).

Vanquished Creatures
  An adder (D:2)
  An ooze (D:1)
  A dart slug (D:1)
  A leopard gecko (D:1)
  A giant cockroach (D:2)
  5 goblins (D:1)
  2 hobgoblins
  A kobold (D:1)
  4 bats
  A frilled lizard (D:1)
  3 rats
21 creatures vanquished.

Notes
Turn   | Place    | Note
-------+----------+-------------------------------------------
     0 | D:1      | woundedspider the Spriggan Transmuter began the quest for
                  | the Orb.
     0 | D:1      | Reached XP level 1. HP: 9/9 MP: 5/5
    64 | D:1      | Reached skill level 3 in Transmutations
   136 | D:1      | Reached XP level 2. HP: 12/14 MP: 4/6
   158 | D:1      | Reached skill level 4 in Transmutations
   643 | D:1      | Learned a level 2 spell: Sticks to Snakes
  1043 | D:2      | Reached XP level 3. HP: 14/17 MP: 6/8
  1104 | D:2      | Reached skill level 5 in Transmutations
  1108 | D:2      | Noticed Sigmund
  1156 | D:2      | Killed from afar by Sigmund

Skill      XL: |  1  2  3 |
---------------+----------+-----
Transmutations | 3 4 5 |  5.0
Fighting       | |  0.7
Dodging        | |  3.0
Unarmed Combat | |  2.4
Spellcasting   | |  2.6

Action                   || total
-------------------------++-------
Melee: Unarmed           ||   100
       Kick              ||    16
       Headbutt          ||     4
       Punch             ||     1
 Cast: Beastly Appendage ||    15
       Sticks to Snakes  ||     3
Armor: Robe              ||    10
Dodge: Dodged            ||    66
